 Dungeon Crawl Stone Soup version 0.29-a0-925-g0a7a3d12f8 (webtiles) character file.

Game seed: 13127558095858062457

840 zeratav the Tainter (level 8, 0/48 HPs)
             Began as an Octopode Venom Mage on July 30, 2022.
             Slain by Pikel
             ... wielding a +2 whip of freezing
              (6 damage)
             ... on level 5 of the Dungeon.
             The game lasted 00:04:37 (4009 turns).

zeratav the Tainter (Octopode Venom Mage)           Turns: 4009, Time: 00:04:38

Health: 0/48       AC:  1    Str:  7    XL:     8   Next: 0%
Magic:  11/11      EV: 14    Int: 19    God:
Gold:   207        SH:  0    Dex: 22    Spells: 8/11 levels left

rFire   . . .      SeeInvis .   o - +7 sling of Tarocor {flame, Dex+3}
rCold   . . .      Faith    .   (no shield)
rNeg    . . .      Spirit   .   (helmet restricted)
rPois   .          Reflect  .   (no amulet)
rElec   .          Harm     .   i - +6 ring of dexterity
rCorr   .          Rampage  .   (no ring)
Will    .....                   (no ring)
Stlth   ++++......              (no ring)
HPRegen 0.16/turn               (no ring)
MPRegen 0.12/turn               (no ring)
                                (no ring)
                                (no ring)

@: no status effects
A: almost no armour, amphibious, 8 rings, camouflage 1, gelatinous body 1,
(nimble swimmer 1), tentacles
a: no special abilities


You were on level 5 of the Dungeon.
You visited 2 branches of the dungeon, and saw 6 of its levels.

You collected 207 gold pieces.


Innate Abilities, Weirdness & Mutations

You cannot wear most types of armour.
You are amphibious.
You can wear up to eight rings at the same time.
Your skin changes colour to match your surroundings (Stealth+).
Your rubbery body absorbs attacks. (AC +1, EV +1)
((You are camouflaged when in or above water. (Stealth+)))
You have tentacles for arms and can constrict up to eight enemies at once.


   Skills:
 + Level 1.5 Fighting
 + Level 2.6 Dodging
 - Level 5.0 Stealth
 - Level 2.0 Spellcasting
 - Level 1.0 Transmutations
 - Level 10.0 Poison Magic


You had 8 spell levels left.
You knew the following spells:

 Your Spells              Type           Power      Damage    Failure   Level
a - Sting                 Tmut/Pois      88%        1d7       1%          1
b - Poisonous Vapours     Pois/Air       40%        N/A       3%          2

Your spell library contained the following spells:

 Spells                   Type           Power      Damage    Failure   Level
 Olgreb's Toxic Radiance  Pois           39%        N/A       2%          4
 Mephitic Cloud           Conj/Pois/Air  14%        N/A       13%         3
 Apportation              Tloc           2%         N/A       17%         1
 Necrotise                Necr           4%         1d4       17%         1
 Summon Small Mammal      Summ           4%         N/A       17%         1
 Chain Lightning          Conj/Air       0%         2d1       100%        9
 Fire Storm               Conj/Fire      0%         6d1       100%        9
 Shatter                  Erth           0%         3d5*      100%        9

Inventory:

Hand Weapons
 h - a +0 dagger of freezing {short}
   (You took it off a kobold on level 1 of the Dungeon)
 o - the +7 sling of Tarocor (weapon) {flame, Dex+3}
   (You found it on level 3 of the Dungeon)

   Any ammunition fired from it burns those it strikes, dealing additional fire
   damage.
   Dex:       It affects your dexterity (+3).
Jewellery
 i - a +6 ring of dexterity (left tentacle)
   (You found it on level 2 of the Dungeon)
Wands
 r - a wand of quicksilver (9)
   (You found it on level 3 of the Dungeon)
Scrolls
 f - a scroll of poison {unknown}
 g - a scroll of torment {unknown}
 j - 3 scrolls of enchant weapon {unknown}
 k - 6 scrolls of identify {unknown}
 m - a scroll of enchant armour {unknown}
 p - a scroll of teleportation {unknown}
Potions
 a - a potion of magic
 b - a potion of flight {unknown}
 c - 2 potions of heal wounds {unknown}
 d - a potion of degeneration {unknown}
 e - 2 potions of mutation {unknown}
 l - a potion of brilliance {unknown}
 n - 2 potions of curing {unknown}
 q - a potion of might {unknown}
 s - a potion of attraction {unknown}

Dungeon Overview and Level Annotations

Branches:
Dungeon (5/15) Zot: 26102  Temple (1/1) D:4 Zot: 5843

Altars:
Ashenzari
Dithmenos
Makhleb
Nemelex Xobeh
Ru
Trog
Uskayaw
Vehumet
Yredelemnul
Zin

Annotations:
D:5 Pikel

#########
#5..5?...
#######@#####
........5..<#
#######.#####
.#. # . .# ..
##


You could see 3 lemures.


Message History

The sling bullet closely misses the black bear.
You hear a shout! x2
HP[+1]
You shoot a sling bullet. The sling bullet hits the black bear.
The sling bullet burns the black bear.
The black bear bites you. The black bear claws you. x2
An ogre comes into view. It is wielding a +0 giant club.
The black bear barely misses you.
The black bear claws you but does no damage.
The black bear claws you.
HP[-11]
You take 11 damage, and now have 30/42 hp.
MASSIVE DAMAGE!! (PAUSE)
You shoot a sling bullet. The sling bullet hits the black bear.
The sling bullet burns the black bear.
The black bear bites you! The black bear claws you.
* * * LOW HITPOINT WARNING * * *
The black bear claws you but does no damage.
The black bear misses you. The black bear claws you!
* * * LOW HITPOINT WARNING * * *
The black bear barely misses you.
HP[-18]
You take 18 damage, and now have 12/42 hp.
MASSIVE DAMAGE!! (PAUSE)
You are too injured to fight recklessly!
You are too injured to fight recklessly!
Casting: Poisonous Vapours (safe; 3% risk of failure)
Confirm with . or Enter, or press ? or * to list all spells.
Aiming: Sting (safe; 1% risk of failure)
Press: ? - help, Shift-Dir - straight line, f/p - black bear
Aim: a black bear (almost dead, berserk, 82% to hit)
The sting hits the black bear.
The black bear is poisoned.
You kill the black bear!
Your Fighting skill increases to level 1!
You have reached level 8!
HP[+2] MP[-1]
You now have 48 max hp (+6).
You regained 2 hp, and now have 14/48 hp.
There is a stone staircase leading up, spattered with blood here.
You see here a +0 giant spiked club {mace}.
You climb upwards.
There is a stone staircase leading down here.
You start resting.
HP[+34] MP[+2]
Your hp is fully restored (48).
Your mp is fully restored (11).
There is a stone staircase leading down here.
You climb downwards.
There is a stone staircase leading up here.
A lemure comes into view.
You shoot a sling bullet.
The sling bullet hits the lemure but does no damage.
The lemure shouts!
A lemure comes into view.
Pikel, Merchant of Souls comes into view.
He is wielding a +2 whip of freezing and carrying a wand of digging (3).
You shoot a sling bullet.
Pikel shouts!
The lemure shouts!
The sling bullet hits the lemure but does no damage.
You hear a shout!
Pikel drinks a potion.
Pikel flickers and vanishes!
Deactivating autopickup; reactivate with Ctrl-A.
A lemure comes into view.
You shoot a sling bullet. The sling bullet hits the lemure!
The sling bullet burns the lemure.
You hear a shout!
A lemure comes into view.
You shoot a sling bullet.
The sling bullet barely misses the lemure.
The lemure barely misses you. The lemure hits you.
HP[-5]
You take 5 damage, and now have 43/48 hp.
You shoot a sling bullet. The sling bullet hits the lemure.
The sling bullet burns the lemure.
You hear a zap.
You hear a grinding noise.
You shoot a sling bullet.
The sling bullet barely misses the lemure.
The lemure hits you. The lemure misses you.
HP[-4]
You take 4 damage, and now have 39/48 hp.
You shoot a sling bullet.
The sling bullet barely misses the lemure.
The lemure hits you! The lemure hits you. x2
HP[-14]
You take 14 damage, and now have 25/48 hp.
MASSIVE DAMAGE!! (PAUSE)
You shoot a sling bullet.
The sling bullet barely misses the lemure.
The lemure misses you.
You shoot a sling bullet.
The sling bullet hits the lemure but does no damage.
The lemure closely misses you. Something hits you.
* * * LOW HITPOINT WARNING * * *
Something freezes you.
* * * LOW HITPOINT WARNING * * *
The lemure hits you!
* * * LOW HITPOINT WARNING * * *
The lemure hits you!
* * * LOW HITPOINT WARNING * * *
Something hits you.
You die...

Skill      XL: |  1  2  3  4  5  6  7 |
---------------+----------------------+-----
Stealth        | 3 4 5 |  5.0
Poison Magic   | 4 5 7 8 10 | 10.0
Fighting       | 1 |  1.5
Dodging        | |  2.6
Spellcasting   | |  2.0
Transmutations | |  1.0

Action                   |  1- 3 |  4- 6 |  7- 9 || total
-------------------------+-------+-------+-------++-------
Melee: Dagger            |    56 |       |       ||    56
       Tentacles         |    11 |       |       ||    11
       Constrict         |    11 |       |       ||    11
       Punch             |     1 |       |       ||     1
 Fire: Sling             |     8 |    72 |    37 ||   117
 Cast: Sting             |     6 |       |     1 ||     7
       Poisonous Vapours |       |       |     5 ||     5
Evoke: Wand              |       |     2 |       ||     2
 Stab: Sleeping          |    12 |       |       ||    12
Armor: Skin              |     1 |     1 |     2 ||     4
Dodge: Dodged            |    29 |    13 |    10 ||    52

Levels and vault maps discovered:
D:1:      shiori_arrival_maze, layout_basic, serial_park_tiny_2
D:2:      layout_basic, chequers_ecumenical_altar_island,
          kennysheep_cluttered_room
D:3:      layout_basic
D:4:      layout_cave_pools, kennysheep_mini_moat, minmay_temple_entry_fiery,
          serial_column_ruins, column_ruins_hut, column_ruins_hut,
          column_ruins_corridor_T, column_ruins_columns_T,
          column_ruins_open_tiny, column_ruins_columns_dead_end,
          kennysheep_generic_room_14, uniq_edmund
D:5:      layout_basic, nicolae_overflow_hallway_of_the_gods,
          mainiacjoe_overflow_small_starburst,
          chequers_temple_overflow_statue_of_worship, gammafunk_ghost_cemetery,
          nrook_pool_corridor, minmay_misc_feat_pillars,
          chequers_serial_rivers_room_b, minmay_starry_boxes, uniq_pikel
Temple:   hellmonk_temple_forest_ring

Notes
Turn   | Place    | Note
-------+----------+-------------------------------------------
     0 | D:1      | zeratav the Octopode Venom Mage began the quest for the
                  | Orb.
     0 | D:1      | Reached XP level 1. HP: 11/11 MP: 3/3
     0 | D:1      | magus.rc [v1.9.6]
   118 | D:1      | Reached skill level 3 in Stealth
   216 | D:1      | Reached XP level 2. HP: 11/17 MP: 5/5
   379 | D:1      | Reached skill level 4 in Poison Magic
   901 | D:1      | Reached XP level 3. HP: 13/21 MP: 6/6
  1163 | D:2      | Learned a level 2 spell: Poisonous Vapours
  1169 | D:2      | You pick up a book of Annihilations and begin reading...
  1169 | D:2      | You add the spells Chain Lightning, Fire Storm and Shatter
                  | to your library.
  1174 | D:2      | Reached skill level 4 in Stealth
  1528 | D:2      | Found a faded altar of an unknown god.
  1618 | D:2      | You fall into a shaft and drop 1 floor!
  1858 | D:3      | Identified the +7 sling of Tarocor {flame, Dex+3}
  1941 | D:3      | You pick up a book of Cantrips and begin reading...
  1941 | D:3      | You add the spells Necrotise, Summon Small Mammal and
                  | Apportation to your library.
  2043 | D:2      | Reached XP level 4. HP: 27/27 MP: 7/7
  2405 | D:3      | Reached skill level 5 in Poison Magic
  2548 | D:3      | Reached skill level 5 in Stealth
  2648 | D:4      | Noticed Edmund
  2649 | D:4      | Noticed a necrophage
  2721 | D:4      | Reached XP level 5. HP: 27/31 MP: 8/8
  2817 | D:4      | Noticed a phantom
  2823 | D:4      | Killed a phantom
  2824 | D:4      | Reached skill level 6 in Poison Magic
  2839 | D:4      | Reached skill level 7 in Poison Magic
  2839 | D:4      | Reached XP level 6. HP: 36/36 MP: 9/9
  2903 | D:4      | Found a sparkling altar of Nemelex Xobeh.
  3053 | D:4      | Reached skill level 8 in Poison Magic
  3112 | D:4      | Reached XP level 7. HP: 41/41 MP: 10/10
  3258 | D:4      | Killed Edmund
  3259 | D:4      | Reached skill level 9 in Poison Magic
  3381 | D:4      | Found a staircase to the Ecumenical Temple.
  3516 | Temple   | Entered the Ecumenical Temple
  3700 | D:5      | Entered Level 5 of the Dungeon
  3700 | D:5      | Found a hide-covered altar of Uskayaw.
  3715 | D:5      | Reached skill level 10 in Poison Magic
  3774 | D:5      | Reached skill level 1 in Fighting
  3774 | D:5      | Reached XP level 8. HP: 14/48 MP: 9/11
  4001 | D:5      | Noticed Pikel
  4009 | D:5      | HP: 6/48 [lemure[Pikel] (9)]
  4009 | D:5      | Slain by Pikel

Vanquished Creatures
  Edmund (D:4)
  A black bear (D:5)
  2 ogres
  A phantom (D:4)
  A necrophage (D:4)
  A scorpion (D:4)
  2 hounds
  An iguana (D:4)
  3 gnolls (D:4)
  6 adders
  2 ufetubi (D:4)
  2 worms (D:2)
  4 dart slugs
  2 orcs
  8 endoplasms
  6 giant cockroaches
  2 hobgoblins
  2 quokkas
  8 ball pythons
  A bat (D:1)
  5 frilled lizards
  6 goblins
  7 kobolds
  8 rats
82 creatures vanquished.

Table legend:
 A = Non-vault XP
 B = Vault XP
 C = Vault XP percentage of total XP
 D = Non-vault monster count
 E = Vault monster count
 F = Vault count percentage of total count
                 A         B        C        D         E       F
            +---------+---------+-------+---------+---------+-------
      Total |    1010 |     191 |  15.9 |      78 |       4 |   4.9
            +---------+---------+-------+---------+---------+-------
        D:1 |      34 |       2 |   5.6 |      22 |       2 |   8.3
        D:2 |      29 |       0 |   0.0 |      10 |       0 |   0.0
        D:3 |      55 |       0 |   0.0 |      20 |       0 |   0.0
        D:4 |     595 |     189 |  24.1 |      22 |       2 |   8.3
        D:5 |     297 |       0 |   0.0 |       4 |       0 |   0.0
            +---------+---------+-------+---------+---------+-------

Illustrated notes

Table legend:
 A = Kills in this place as a percentage of kills in entire the game.
 B = Kills by you in this place as a percentage of kills by you in the entire game.
 C = Kills by friends in this place as a percentage of kills by friends in the entire game.
 D = Other kills in this place as a percentage of other kills in the entire game.
 E = Experience gained in this place as a percentage of experience gained in the entire game.
 F = Experience gained in this place divided by the number of levels of this place that you have seen.
                   A       B       C       D       E      F
               +-------+-------+-------+-------+-------+----------------------
         Total | 100.0 | 100.0 |   N/A |   N/A | 100.0 | 200.2
       Dungeon | 100.0 | 100.0 |   N/A |   N/A | 100.0 | 240.2
               +-------+-------+-------+-------+-------+----------------------

Table legend: (Time is in decaauts)
 A = Elapsed time spent in this place.
 B = Non-inter-level travel time spent in this place.
 C = Inter-level travel time spent in this place.
 D = Time resting spent in this place.
 E = Time spent auto-exploring this place.
 F = Levels seen in this place.
 G = Mean time per level.
                   A        B        C        D        E       F      G
               +--------+--------+--------+--------+--------+-----+--------+
         Total |   4053 |   3842 |    211 |    298 |   2950 |   6 |  675.5 |
       Dungeon |   3896 |   3699 |    197 |    298 |   2816 |   5 |  779.2 |
        Temple |    156 |    142 |     14 |      0 |    134 |   1 |  156.0 |
               +--------+--------+--------+--------+--------+-----+--------+

Top non-repeatable levels by time:
     D:1: 1158 daAuts
     D:4: 1096 daAuts
     D:3: 827 daAuts
     D:2: 713 daAuts
  Temple: 156 daAuts
     D:5: 100 daAuts
